 Dungeon Crawl Stone Soup version 0.31.0-11-ge490571c62 (webtiles) character file.

Game seed: 5351881567594962373

50 qw the Shooter (level 3, -4/18 HPs)
             Began as a Spriggan Hunter on Feb 3, 2024.
             Slain by a gnoll
             ... wielding a +0 whip
              (7 damage)
             ... on level 2 of the Dungeon.
             The game lasted 00:00:06 (1256 turns).

qw the Shooter (Spriggan Hunter)                    Turns: 1256, Time: 00:00:07

Health: -4/18      AC:  3    Str:  7    XL:     3   Next: 55%
Magic:  4/4        EV: 19    Int: 10    God:
Gold:   74         SH:  0    Dex: 20    Spells: 2/2 levels left

rFire   . . .        a - +0 shortbow
rCold   . . .        (shield currently unavailable)
rNeg    . . .        c - +0 robe
rPois   .            (helmet restricted)
rElec   .            i - +0 cloak
rCorr   .            (gloves unavailable)
SInv    +            (boots unavailable)
Will    .....        (no amulet)
Stlth   ++           (no ring)
HPRegen 0.23/turn    (no ring)
MPRegen 0.09/turn

%: no passive effects
@: very quick
A: very small, no large weapons, unfitting armour, see invisible, speed 3
a: no special abilities


You were on level 2 of the Dungeon.
You visited 1 branch of the dungeon, and saw 3 of its levels.

You collected 74 gold pieces.


Innate Abilities, Weirdness & Mutations

You are very small and have problems with some larger weapons.
You are too small for most types of armour.
You have supernaturally acute eyesight. (SInv)
You cover ground extremely quickly. (Speed+++)


   Skills:
 - Level 1.5 Fighting
 + Level 4.8 Ranged Weapons
 - Level 4.0 Dodging
 - Level 1.5 Stealth


You had 2 spell levels left.
You didn't know any spells.
Your spell library was empty.

Inventory:

Hand Weapons
 a - a +0 shortbow (weapon)
Armour
 c - a +0 robe (worn)
 i - a +0 cloak (worn)
Scrolls
 b - a scroll of identify
Potions
 f - a potion of enlightenment {unknown}
 g - a potion of curing {unknown}

Dungeon Overview and Level Annotations

Branches:
Dungeon (3/15)

Altars:
Ashenzari


Message History

The arrow hits the gnoll!
The gnoll is severely wounded.
You shoot an arrow. The arrow closely misses the gnoll.
You shoot an arrow.
The arrow hits the gnoll but does no damage.
The gnoll is heavily wounded.
The gnoll closely misses you.
You shoot an arrow.
The arrow hits the gnoll but does no damage.
The gnoll closely misses you. The gnoll hits you with a +0 whip.
The gnoll closely misses you.
You shoot an arrow. The arrow hits the gnoll.
The gnoll is lightly wounded.
The gnoll completely misses you. The gnoll closely misses you.
You shoot an arrow. The arrow hits the gnoll.
The gnoll is moderately wounded.
The gnoll misses you. The gnoll closely misses you.
You shoot an arrow. The arrow hits the gnoll.
The gnoll is heavily wounded.
The gnoll hits you with a +0 whip! The gnoll misses you.
You shoot an arrow. The arrow closely misses the gnoll.
The arrow hits the gnoll!
The gnoll is severely wounded.
The gnoll closely misses you. The gnoll misses you.
The gnoll completely misses you.
You shoot an arrow. The arrow closely misses the gnoll.
The arrow hits the gnoll!
You kill the gnoll!
The gnoll completely misses you.
You shoot an arrow. The arrow hits the gnoll.
The gnoll is almost dead.
The gnoll closely misses you.
You shoot an arrow. The arrow completely misses the gnoll.
The arrow barely misses the gnoll.
The gnoll barely misses you.
You shoot an arrow. The arrow hits the gnoll.
You kill the gnoll!
You shoot an arrow. The arrow barely misses the gnoll.
The gnoll hits you with a +0 whip. The gnoll hits you with a +0 whip!
You die...

##...####.#.#.#....
#..................
#............#...
##..####........
#..##########..
###.....g... ..
#...)..g....
####g####### #@#
#.# #.# #.# #.# #.#
#.# #..


You could see a gnoll.

Vanquished Creatures
  2 gnolls (D:2)
  2 dart slugs (D:1)
  3 endoplasms (D:2)
  A giant cockroach (D:2)
  A goblin (D:2)
  4 hobgoblins
  2 jackals (D:2)
  3 ball pythons (D:1)
  A bat (D:1)
  3 frilled lizards
  4 kobolds
  A rat (D:2)
27 creatures vanquished.

Notes
Turn   | Place    | Note
-------+----------+-------------------------------------------
     0 | D:1      | qw the Spriggan Hunter began the quest for the Orb.
     0 | D:1      | Reached XP level 1. HP: 10/10 MP: 2/2
     0 | D:1      | 0 ||| qw: Version: 0.3-a-157-g843a77d
     0 | D:1      | 0 ||| qw: Game counter: 3878
     0 | D:1      | 0 ||| qw: Melee chars always use a shield: true
     0 | D:1      | 0 ||| qw: God list: Okawaru
     0 | D:1      | 0 ||| qw: Allow faded altars: false
     0 | D:1      | 0 ||| qw: Do Orc after clearing Dungeon:15 true
     0 | D:1      | 0 ||| qw: Do second Lair branch before Depths: true
     0 | D:1      | 0 ||| qw: Lair rune preference: random
     0 | D:1      | 0 ||| qw: Goals: Normal
     0 | D:1      | 0 ||| PLANNING D:1-11
    17 | D:1      | Reached skill level 3 in Dodging
   303 | D:1      | Reached XP level 2. HP: 11/14 MP: 3/3
   461 | D:1      | Found a faded altar of an unknown god.
   839 | D:1      | 839 ||| UPGRADING to +0 cloak.
   844 | D:1      | 844 ||| READING scroll labelled SASTRUF ASMUDD.
   844 | D:1      | 844 ||| IDENTIFYING murky orange potion
   845 | D:1      | 845 ||| READING scroll labelled DENKEH GOTATHE.
   846 | D:1      | 846 ||| DROPPING scroll of butterflies.
   847 | D:1      | 847 ||| DROPPING potion of lignification.
   904 | D:2      | You fall into a shaft and drop 1 floor!
   906 | D:3      | 906 ||| FLEEEEING.
   907 | D:3      | 907 ||| FLEEEEING.
   908 | D:3      | 908 ||| STAIRDANCE
  1165 | D:2      | Reached XP level 3. HP: 18/18 MP: 4/4
  1195 | D:2      | Found a broken altar of Ashenzari.
  1238 | D:2      | 1238 ||| RETREEEEATING.
  1239 | D:2      | 1239 ||| RETREEEEATING.
  1240 | D:2      | 1240 ||| RETREEEEATING.
  1241 | D:2      | 1241 ||| RETREEEEATING.
  1256 | D:2      | HP: 3/18 [gnoll/+0 whip (5)]
  1256 | D:2      | Slain by a gnoll

Levels and vault maps discovered:
D:1:      lightli_arrival_maybe_door_vault, layout_loops_corners,
          ebering_ecumenical_altar_rust, minmay_tree_intersection
D:2:      layout_basic, basic_altar, minmay_gold_behind_fungi
D:3:      layout_rooms, gammafunk_ghost_necromancy, uniq_robin,
          uniq_crazy_yiuf_cottage, uniq_ijyb

Skill      XL: |  1  2 |
---------------+-------+-----
Dodging        | 3 4 |  4.0
Fighting       | |  1.5
Ranged Weapons | |  4.8
Stealth        | |  1.5

Action                     || total
---------------------------++-------
   Fire: Shortbow          ||    79
    Use: Scroll            ||     2
 Armour: Robe              ||     8
  Dodge: Dodged            ||    26

Table legend:
 A = Non-vault XP
 B = Vault XP
 C = Vault XP percentage of total XP
 D = Non-vault monster count
 E = Vault monster count
 F = Vault count percentage of total count
                 A         B        C        D         E       F
            +---------+---------+-------+---------+---------+-------
      Total |      72 |       0 |   0.0 |      27 |       0 |   0.0
            +---------+---------+-------+---------+---------+-------
        D:1 |      21 |       0 |   0.0 |      12 |       0 |   0.0
        D:2 |      51 |       0 |   0.0 |      15 |       0 |   0.0
            +---------+---------+-------+---------+---------+-------
